 Dungeon Crawl Stone Soup version 0.30-a0-691-g754fce4c43 (webtiles) character file.

Game seed: 499331186406699698

9 Darius099 the Covered (level 2, -1/19 HPs)
             Began as a Gargoyle Fighter on Jan 19, 2023.
             Frozen to death by an endoplasm (3 damage)
             ... on level 1 of the Dungeon.
             The game lasted 00:00:56 (234 turns).

Darius099 the Covered (Gargoyle Fighter)             Turns: 234, Time: 00:00:56

Health: -1/19      AC:  9    Str: 19    XL:     2   Next: 16%
Magic:  2/2        EV:  9    Int:  8    God:
Gold:   0          SH:  4    Dex:  9    Spells: 1/1 levels left

rFire   . . .      SeeInvis .    a - +0 flail
rCold   . . .      Faith    .    c - +0 buckler
rNeg    + . .      Spirit   .    b - +0 scale mail
rPois   ∞          Reflect  .    (no helmet)
rElec   +          Harm     .    (no cloak)
rCorr   .          Rampage  .    (no gloves)
Will    .....                    (no boots) Stlth
                                 (no amulet)
HPRegen 0.23/turn                (no ring)
MPRegen 0.08/turn                (no ring)

@: no status effects
A: sickness immunity, AC +2, negative energy resistance 1, electricity
resistance, torment resistance 1, petrification resistance
a: no special abilities


You were on level 1 of the Dungeon.
You visited 1 branch of the dungeon, and saw 1 of its levels.

Inventory:

Hand Weapons
 a - a +0 flail (weapon)
Armour
 b - a +0 scale mail (worn)
 c - a +0 buckler (worn)
Scrolls
 e - a scroll of vulnerability {unknown}
Potions
 d - a potion of might
 f - a potion of haste {unknown}


   Skills:
 + Level 3.4 Fighting
 + Level 2.2 Maces & Flails
 + Level 3.5 Armour
 + Level 3.4 Shields


You had one spell level left.
You didn't know any spells.
Your spell library was empty.

Dungeon Overview and Level Annotations

Branches:
Dungeon (1/15)

Altars:


Innate Abilities, Weirdness & Mutations

You are immune to sickness and miasma.
Your stone body is resilient. (AC +2)
You are immune to poison.
You resist negative energy. (rN+)
You are resistant to electric shocks. (rElec)
You are resistant to unholy torment.
You are immune to petrification.


Message History

f - a sedimented silvery potion
Found a dagger.
Found 6 poisoned darts.
A giant cockroach and an endoplasm come into view.
The endoplasm quivers.
You hit the endoplasm but do no damage. The endoplasm freezes you.
You are frozen.
The endoplasm hits you but does no damage.
You hit the endoplasm.
The endoplasm is severely wounded.
The endoplasm freezes you.
You are frozen.
The giant cockroach bites you but does no damage.
You are too injured to fight recklessly!
You are too injured to fight recklessly!
You are too injured to fight recklessly!
You are too injured to fight recklessly!
The giant cockroach attacks as you move away!
The giant cockroach bites you but does no damage.
The endoplasm freezes you.
You are frozen.
You see here 6 poisoned darts.
The endoplasm attacks as you move away!
The endoplasm hits you but does no damage.
There are monsters nearby!
You barely miss the giant cockroach.
The giant cockroach bites you but does no damage.
The giant cockroach closely misses you.
You completely miss the giant cockroach.
The endoplasm barely misses you. You block the giant cockroach's attack.
The endoplasm freezes you.
You are frozen.
* * * LOW HITPOINT WARNING * * *
You completely miss the endoplasm.
The endoplasm is severely wounded.
You block the giant cockroach's attack. The endoplasm freezes you.
You are frozen.
You die...

### ..# #.#
###.#############
#..)......†.....# #
##.#.########.##..
#.
#@..#........#....
#.#BJ#.####.###.####
#...#.# #.#.####
##..#.##.# #.#
..##.#.# #.# #
.#.#.... ... ..
.#.....# ##### #.
.....# # # #....## #


You could see an endoplasm and a giant cockroach.

Vanquished Creatures
  A bat (D:1)
  A giant cockroach (D:1)
  A goblin (D:1)
  A kobold (D:1)
  2 quokkas (D:1)
  2 rats (D:1)
8 creatures vanquished.

Notes
Turn   | Place    | Note
-------+----------+-------------------------------------------
     0 | D:1      | Darius099 the Gargoyle Fighter began the quest for the Orb.
     0 | D:1      | Reached XP level 1. HP: 14/14 MP: 1/1
   181 | D:1      | Reached XP level 2. HP: 19/19 MP: 2/2
   234 | D:1      | Frozen to death by an endoplasm

Illustrated notes

Levels and vault maps discovered:
D:1:      scummos_arrival_simple_crosswalls, layout_loops_ring

Action                   || total
-------------------------++-------
Melee: Flail             ||    33
Armor: Scale mail        ||    17
Dodge: Dodged            ||    24
Block: Buckler           ||     7

Table legend: (Time is in decaauts)
 A = Elapsed time spent in this place.
 B = Non-inter-level travel time spent in this place.
 C = Inter-level travel time spent in this place.
 D = Time resting spent in this place.
 E = Time spent auto-exploring this place.
 F = Levels seen in this place.
 G = Mean time per level.
                   A        B        C        D        E       F      G
               +--------+--------+--------+--------+--------+-----+--------+
         Total |    245 |    245 |      0 |     47 |    117 |   1 |  245.0 |
       Dungeon |    245 |    245 |      0 |     47 |    117 |   1 |  245.0 |
               +--------+--------+--------+--------+--------+-----+--------+

Top non-repeatable levels by time:
     D:1: 245 daAuts
